Map: Overgrowth LE (Void)

Players

Anguish

  • Race: Protoss Protoss
  • League: Gold
  • Spawn Location: 1:00

dSchneider - Winner!

  • Race: Protoss Protoss
  • League: Platinum
  • Spawn Location: 7:00

VOD

Have the link to the VOD?

Description

Time

  • Played on: Jan. 15, 2017, 4:23 p.m.
  • Length: 9:53
Show
View Real Time Build Order
Export as new Build Order

Anguish Protoss 

Build Orders: 1 Gate Expand 

Get SALT Encoding   

  12  0:01  Probe (Chrono Boost)  
  13  0:11  Probe (Chrono Boost)  
  14  0:18  Pylon  
  14  0:22  Probe (Chrono Boost)  
  15  0:36  Probe (Chrono Boost)  
  15  0:38  Gateway  
  16  0:46  Probe (Chrono Boost)  
  16  0:49  Assimilator  
  18  0:57  Probe (Chrono Boost)  
  18  1:07  Probe (Chrono Boost)  
  19  1:18  Probe (Chrono Boost)  
  20  1:29  Nexus  
  20  1:35  Probe (Chrono Boost)  
  21  1:50  Zealot  
  23  1:55  Cybernetics Core  
  23  1:58  Pylon  
  23  2:17  Zealot, Probe (Chrono Boost)  
  26  2:36  Stargate  
  26  2:37  Pylon  
  26  2:41  Probe (Chrono Boost)  
  27  2:48  Probe (Chrono Boost)  
  28  2:52  Probe (Chrono Boost)  
  28  2:55  Zealot  
  31  2:58  Warp Gate  
  31  3:02  Probe (Chrono Boost)  
  31  3:04  Assimilator  
  32  3:07  Mothership Core (Chrono Boost)  
  34  3:13  Probe (Chrono Boost)  
  35  3:23  Probe (Chrono Boost)  
  36  3:34  Probe (Chrono Boost)  
  36  3:44  Probe (Chrono Boost)  
  37  3:55  Probe (Chrono Boost)  
  36  3:57  Void Ray  
  40  4:05  Probe (Chrono Boost)  
  40  4:09  Stalker  
  33  4:37  Probe (Chrono Boost)  
  31  4:44  Void Ray  
  27  4:49  Probe (Chrono Boost)  
  27  4:52  Probe (Chrono Boost)  
  30  4:57  Assimilator  
  31  5:01  Probe (Chrono Boost), Assimilator  
  31  5:03  Probe (Chrono Boost)  
  31  5:06  Gateway x2  
  32  5:09  Forge  
  32  5:13  Probe x2 (Chrono Boost)  
  34  5:16  Pylon  
  34  5:24  Probe (Chrono Boost)  
  34  5:25  Probe (Chrono Boost)  
  36  5:34  Probe (Chrono Boost)  
  37  5:37  Probe (Chrono Boost)  
  37  5:39  Protoss Air Weapons Level 1  
  38  5:45  Probe (Chrono Boost)  
  33  5:55  Probe (Chrono Boost)  
  34  5:59  Stalker  
  34  6:02  Stalker  
  36  6:04  Zealot  
  26  6:14  Probe (Chrono Boost)  
  25  6:19  Probe (Chrono Boost)  
  23  6:26  Probe (Chrono Boost)  
  23  6:29  Stalker x2  
  23  6:30  Zealot, Probe (Chrono Boost)  
  27  6:38  Phoenix  
  25  6:40  Probe (Chrono Boost)  
  22  6:51  Stalker, Probe (Chrono Boost)  
  22  6:54  Zealot x2  
  29  7:06  Phoenix  
  25  7:15  Zealot x3  
  29  7:24  Pylon  
  29  7:27  Pylon  
  23  7:37  Stalker x3  
  21  8:08  Gateway  
  21  8:09  Gateway  
  21  8:11  Gateway  
  22  8:13  Pylon  
  22  8:15  Stalker x2, Pylon  
  22  8:17  Zealot  
  25  8:48  Stalker x3  
  19  9:06  Stalker  
  19  9:09  Zealot x2  
  23  9:20  Stalker  
  23  9:38  Zealot x3  
  23  9:49  Zealot  
Show
View Real Time Build Order
Export as new Build Order

dSchneider Protoss - Winner!

Build Orders:  

Get SALT Encoding   

  12  0:03  Probe (Chrono Boost)  
  13  0:16  Pylon  
  13  0:18  Probe (Chrono Boost)  
  15  0:28  Probe (Chrono Boost)  
  15  0:45  Assimilator  
  15  0:46  Assimilator  
  15  0:53  Gateway  
  15  0:58  Assimilator  
  15  1:00  Probe (Chrono Boost)  
  15  1:10  Probe (Chrono Boost)  
  16  1:24  Gateway, Probe (Chrono Boost)  
  17  1:35  Probe (Chrono Boost)  
  18  1:45  Probe (Chrono Boost)  
  19  1:50  Cybernetics Core  
  19  1:56  Probe (Chrono Boost)  
  20  2:06  Pylon  
  20  2:07  Probe (Chrono Boost)  
  21  2:18  Probe (Chrono Boost)  
  22  2:26  Stalker  
  22  2:29  Stalker  
  26  2:32  Warp Gate  
  26  2:41  Mothership Core (Chrono Boost)  
  28  2:49  Pylon  
  28  2:57  Adept  
  30  2:59  Probe (Chrono Boost)  
  31  3:09  Adept, Probe (Chrono Boost)  
  34  3:27  Robotics Facility  
  34  3:48  Stalker  
  34  3:49  Adept  
  38  4:53  Observer  
  38  4:57  Stargate  
  39  5:01  Pylon  
  35  5:09  Pylon  
  35  5:10  Nexus  
  35  5:11  Stalker  
  35  5:12  Stalker  
  39  5:19  Probe (Chrono Boost)  
  40  5:22  Pylon  
  40  5:33  Gateway  
  40  5:36  Pylon  
  40  5:37  Pylon  
  40  5:38  Pylon  
  40  5:42  Stalker  
  40  5:43  Stalker  
  40  6:21  Stalker x2  
  42  6:48  Probe x2 (Chrono Boost)  
  42  6:50  Oracle  
  42  6:53  Pylon  
  47  6:55  Fleet Beacon  
  47  6:56  Fleet Beacon  
  47  6:59  Forge  
  45  7:07  Pylon  
  45  7:11  Stalker  
  45  7:12  Stalker  
  49  7:35  Probe (Chrono Boost)  
  50  7:40  Adept x2  
  50  7:43  Observer, Void Ray  
  59  7:45  Probe (Chrono Boost)  
  59  7:49  Pylon  
  58  8:02  Stalker  
  58  8:03  Stalker  
  62  8:11  Observer  
  63  8:17  Twilight Council  
  63  8:18  Pylon, Probe (Chrono Boost)  
  65  8:20  Probe (Chrono Boost)  
  65  8:28  Probe (Chrono Boost)  
  65  8:31  Stalker  
  65  8:32  Stalker  
  64  9:06  Void Ray, Probe x2 (Chrono Boost)  
  64  9:08  Stalker x2  
  74  9:16  Probe (Chrono Boost)  
  75  9:21  Photon Cannon  
  75  9:24  Stalker, Pylon  
  75  9:36  Stalker x2  
  75  9:41  Stalker  
Tags
 
Add a new tag
Caveats
  • Supply blocks, unpowered buildings, or Contaminate may cause inaccurate times.
  • Supply counts are checked every 10 seconds.